 Seeded DCSS version 0.30.1-11-g7821555f0a (webtiles) character file.

Game seed: 6351066067085065685 (custom seed)

24 Esekla the Magician (level 2, 0/15 HPs)
             Began as a Deep Elf Wanderer on Nov 11, 2023.
             Was an Initiate of Vehumet.
             Constricted to death by a goblin (2 damage)
             ... on level 2 of the Dungeon.
             The game lasted 00:09:41 (1187 turns).

Esekla the Magician (Deep Elf Wanderer)             Turns: 1187, Time: 00:09:41

Health: 0/15       AC:  4    Str: 11    XL:     2   Next: 79%
Magic:  8/10       EV:  7    Int: 17    God:    Vehumet [......]
Gold:   124        SH:  4    Dex: 14    Spells: 7/11 levels left

rFire   . . .        s - +5 rapier of the Hero {heavy, rN+ Dex+3}
rCold   . . .        d - +0 buckler
rNeg    + . .        c - +0 robe
rPois   .            i - +0 helmet
rElec   .            (no cloak)
rCorr   .            h - +0 pair of gloves
SInv    .            (no boots)
Will    .....        (no amulet)
Stlth   ++           (no ring)
HPRegen 0.22/turn    (no ring)
MPRegen 0.12/turn

%: no passive effects
@: grasped by roots, constricted
A: no striking features
a: Renounce Religion


You were on level 2 of the Dungeon.
You worshipped Vehumet.
Vehumet was noncommittal.
You visited 1 branch of the dungeon, and saw 4 of its levels.

You collected 124 gold pieces.

Inventory:

Hand Weapons
 a - a +1 short sword of freezing
 s - the +5 rapier of the Hero (weapon) {heavy, rN+ Dex+3}
   (You found it on level 3 of the Dungeon)

   Dex:       It affects your dexterity (+3).
   rN:        It protects you from negative energy.
Armour
 c - a +0 robe (worn)
 d - a +0 buckler (worn)
 h - a +0 pair of gloves (worn)
 i - a +0 helmet (worn)
Scrolls
 b - a scroll of blinking {unknown}
 k - a scroll of enchant armour {unknown}
 l - a scroll of amnesia {unknown}
 m - a scroll of immolation {unknown}
Potions
 e - a potion of ambrosia {unknown}
 f - 2 potions of attraction {unknown}
 j - a potion of mutation {unknown}


   Skills:
 + Level 0.1 Short Blades
 * Level 0.2 Dodging
 + Level 1.3 Stealth
 + Level 1.5 Shields
 * Level 5.0 Spellcasting
 + Level 0.3 Conjurations
 * Level 0.8 Necromancy
 + Level 2.7 Translocations
 + Level 1.0 Invocations


You had 7 spell levels left.
You knew the following spells:

 Your Spells              Type           Power      Damage    Failure   Level
a - Magic Dart            Conj           20%        1d4       19%         1
b - Blink                 Tloc           26%        N/A       10%         2
p - Apportation           Tloc           26%        N/A       7%          1

Your spell library contained the following spells:

 Spells                   Type           Power      Damage    Failure   Level
 Lesser Beckoning         Tloc           26%        N/A       10%         2
 Vampiric Draining        Necr           6%         2d6       41%         3
 Ignite Poison            Fire/Tmut/Pois 4%         N/A       52%         3


Dungeon Overview and Level Annotations

Branches:
Dungeon (4/15)
 Temple: D:4-7

Altars:
Okawaru
Vehumet
Zin

Shops:
D:2 =


Message History

Your +0 helmet unmelds from your body.
Your +0 pair of gloves unmelds from your body.
Your +0 robe unmelds from your body.
You start resting.
HP restored.
A gnoll comes into view. It is wielding a +0 flail.
The goblin shouts!
The goblin drinks a potion.
The goblin seems to speed up.
Found a stone staircase leading up.
You aren't carrying any items that you can evoke.
Unknown command.
Casting: Apportation (safe; 7% risk of failure)
Confirm with . or Enter, or press ? or * to list all spells.
Aiming: Magic Dart (safe; 19% risk of failure)
Press: ? - help, Shift-Dir - straight line, f - goblin
Aim: a goblin, wielding a +0 dagger and carrying a wand of roots (8) (fast, 100% to hit)
The magic dart hits the goblin.
The goblin is moderately wounded.
The goblin zaps a wand.
The roots erupt in riotous growth!
The grasping roots grab you! The grasping roots constrict you. x2
You hear a shout! x2
You escape the roots grasp.
The goblin zaps a wand.
The roots erupt in riotous growth!
The grasping roots grab you! The grasping roots constrict you.
Casting: Magic Dart (safe; 19% risk of failure)
Confirm with . or Enter, or press ? or * to list all spells.
Aiming: Magic Dart (safe; 19% risk of failure)
Press: ? - help, Shift-Dir - straight line, f/p - goblin
Aim: a goblin, wielding a +0 dagger and carrying a wand of roots (6) (fast, 100% to hit)
The magic dart hits the goblin.
The goblin is heavily wounded.
The grasping roots constrict you. x2
You barely miss the goblin.
The goblin is heavily wounded.
The goblin barely misses you. The grasping roots constrict you.
* * * LOW HITPOINT WARNING * * *
The goblin hits you but does no damage. The grasping roots constrict you.
You die...

#.....###.####.##..#..####....##
#..#.## #.# #.##..#......g...##
#..#.# ##.####.##..#..#####...##
#..#.# #...........#..# #...##
#..#.###..####.......∩# #.....
#..#......# #..####.## ##..##
#.........####..####.# #....
#....................# #...##
##.#####.......@g....# ..#..#
#.#####.####..####### ###...#
#.............# ##...
#######.####..# #.## #.# ...#
#######.# <....#
#.......####^#... #.#######
#.#..## #.# #.#..#


You could see a goblin (fast).

Vanquished Creatures
  An adder (D:2)
  A dart slug (D:3)
  An endoplasm (D:3)
  2 goblins (D:3)
  2 hobgoblins (D:3)
  A ball python (D:3)
  2 bats (D:3)
  2 frilled lizards
  3 kobolds
15 creatures vanquished.

Notes
Turn   | Place    | Note
-------+----------+-------------------------------------------
     0 | D:1      | Esekla the Deep Elf Wanderer began the quest for the Orb.
     0 | D:1      | Esekla set off with the following items: a +0 club, a
                  | potion of lignification, a +0 robe, a +0 buckler; and the
                  | following spells available to memorise: Apportation, Blink,
                  | Lesser Beckoning, Magic Dart, Ignite Poison, Vampiric
                  | Draining.
     0 | D:1      | Reached XP level 1. HP: 10/10 MP: 7/7
     2 | D:1      | Learned a level 1 spell: Magic Dart
     4 | D:1      | Learned a level 1 spell: Apportation
   220 | D:2      | Found Renulab's Jewellery Shop.
   401 | D:4      | Found a radiant altar of Vehumet.
   409 | D:4      | Found an iron altar of Okawaru.
   420 | D:4      | Found a glowing silver altar of Zin.
   571 | D:4      | Became a worshipper of Vehumet
   717 | D:3      | Reached XP level 2. HP: 15/15 MP: 9/9
   720 | D:3      | Learned a level 2 spell: Blink
   980 | D:3      | Identified the +5 rapier of the Hero {heavy, rN+ Dex+3}
  1082 | D:2      | Reached skill level 5 in Spellcasting
  1187 | D:2      | Constricted to death by a goblin

Illustrated notes

Levels and vault maps discovered:
D:1:      sevenhm_arrival_forest_fort_small_3, layout_rooms,
          chequers_serial_rivers_room_b, minmay_misc_feat_five
D:2:      layout_loops_ring, dreamdust_ecumenical_altar_angels_and_demons,
          serial_shops, shop
D:3:      layout_basic, grunt_temple_overflow_open, minmay_misc_feat_iff
D:4:      layout_basic, nicolae_overflow_quartered_altars, serial_shops,
          nicolae_diamond_shop

Skill      XL: |  1  2 |
---------------+-------+-----
Spellcasting   | 5 |  5.0
Short Blades   | |  0.1
Dodging        | |  0.2
Stealth        | |  1.3
Shields        | |  1.5
Conjurations   | |  0.3
Necromancy     | |  0.8
Translocations | |  2.7
Invocations    | |  1.0

Action                     || total
---------------------------++-------
  Melee: Short sword       ||    19
         Rapier            ||    12
   Cast: Magic Dart        ||    26
         Apportation       ||    15
    Use: Scroll            ||     1
         Potion            ||     2
   Stab: Sleeping          ||     2
 Armour: Robe              ||    23
         Skin              ||     5
  Dodge: Dodged            ||    31
  Block: Buckler           ||    13
